 Dungeon Crawl Stone Soup version 0.28-a0-883-gc8d7bad45d (webtiles) character file.

Game seed: 5816061782043220693

5035 horus123 the Schismatic (level 10, -1/76 HPs)
             Began as a Demonspawn Abyssal Knight on Nov 21, 2021.
             Was an Elder of Lugonu.
             Slain by a shadow (17 damage)
             ... on level 9 of the Dungeon.
             The game lasted 00:22:28 (7527 turns).

horus123 the Schismatic (Demonspawn Abyssal Knight) Turns: 7527, Time: 00:22:28

Health: -1/76      AC: 12    Str: 15    XL:     10   Next: 30%
Magic:  16/16      EV: 13    Int: 12    God:    Lugonu [****..]
Gold:   237        SH:  0    Dex: 20    Spells: 6/17 levels left

rFire   + . .      SeeInvis .   d - +3 dagger (elec)
rCold   . . .      Faith    .   (no shield)
rNeg    . . .      Spirit   .   z - +0 steam dragon scales
rPois   .          Reflect  .   (no helmet)
rElec   .          Harm     .   w - scarf {+Inv}
rCorr   .          Rampage  .   h - +2 pair of gloves {Dex+3}
Will    .....                   (no boots)
Stlth   +++++.....              (no amulet)
HPRegen 0.22/turn               n - +4 ring of protection
MPRegen 0.15/turn               k - ring of protection from fire

@: no status effects
A: claws 2, thin skeletal structure 1, spiny 2
a: Renounce Religion, Evoke Invisibility, Depart the Abyss, Bend Space, Banish,
Corrupt


You were on level 9 of the Dungeon.
You worshipped Lugonu.
Lugonu was greatly pleased with you.
You visited 1 branch of the dungeon, and saw 9 of its levels.
You visited the Abyss 1 time.
You also visited: Sewer.

You collected 341 gold pieces.
You spent 104 gold pieces at shops.

Inventory:

Hand Weapons
 a - a +1 mace
 d - a +3 dagger of electrocution (weapon)
 j - a +0 scimitar
 A - a +2 dagger of freezing
Armour
 b - a +0 leather armour
 h - a +2 pair of gloves of dexterity (worn)
 w - a scarf of invisibility (worn)
 z - +0 steam dragon scales (worn)
Jewellery
 g - a ring of ice
 k - a ring of protection from fire (right hand)
 n - a +4 ring of protection (left hand)
 D - a +6 ring of strength
Wands
 l - a wand of charming (14)
 q - a wand of digging (12)
 s - a wand of paralysis (9)
 t - a wand of mindburst (6)
 E - a wand of iceblast (5)
Scrolls
 p - 6 scrolls of teleportation
 x - a scroll of noise
 y - 2 scrolls of fog
Potions
 c - a potion of mutation
 e - a potion of lignification
 f - 3 potions of cancellation
 i - 2 potions of haste
 m - 3 potions of flight
 o - 2 potions of degeneration
 r - a potion of brilliance
 u - a potion of berserk rage {unknown}
 v - a potion of resistance {unknown}
 B - 3 potions of heal wounds {unknown}


   Skills:
 - Level 6.2 Fighting
 - Level 4.6 Short Blades
 - Level 1.7 Maces & Flails
 - Level 2.0 Armour
 - Level 2.1 Dodging
 - Level 6.8 Stealth
 - Level 4.4 Spellcasting
 - Level 5.0 Hexes
 - Level 1.9 Translocations
 + Level 4.4 Transmutations
 - Level 8.3 Invocations


You had 6 spell levels left.
You knew the following spells:

 Your Spells              Type           Power      Damage    Failure   Level
a - Manifold Assault      Tloc           7%         N/A       95%         5
b - Slow                  Hex            56%        N/A       2%          1
c - Yara's Violent Unrav  Hex/Tmut       6%         3d5       65%         5

Your spell library contained the following spells:

 Spells                   Type           Power      Damage    Failure   Level
 Confusing Touch          Hex            14%        N/A       9%          3
 Blink                    Tloc           14%        N/A       14%         2
 Storm Form               Tmut/Air       3%         N/A       100%        7


Dungeon Overview and Level Annotations

Branches:
Dungeon (9/15)             Temple (0/1) D:5             Orc (0/2) D:9
  Sewer (visited)
   Lair: D:8-11

Altars:
Dithmenos
Fedhas
Hepliaklqana
Okawaru
Trog
Vehumet
Wu Jian
Xom
Yredelemnul
The Shining One

Shops:
D:3 *

Annotations:
D:8 2 transporters, nomicflux's ghost, journeyman DrFE
Abyss:1 Eustachio


Innate Abilities, Weirdness & Mutations

You have very sharp fingernails.
You have a somewhat thin skeletal structure. (Dex +2, Stealth+)
You are mostly covered in sharp spines.


Message History

The phantom is heavily damaged.
The phantom closely misses you.
You closely miss the phantom.
The phantom is heavily damaged.
The phantom hits you but does no damage.
You hit the phantom but do no damage.
The phantom is heavily damaged.
You hit the phantom.
The phantom is heavily damaged.
The phantom is struck by your spines. The phantom closely misses you.
You hit the phantom.
The phantom is severely damaged.
The phantom hits you but does no damage.
You hit the phantom.
The phantom is severely damaged.
The phantom is struck by your spines.
You destroy the phantom!
Lugonu accepts your kill.
Your Transmutations skill increases to level 4!
The shadow strikes at you from the darkness!
* * * LOW HITPOINT WARNING * * *
Reactivating autopickup.
You hit the shadow.
The shadow is lightly damaged.
The shadow hits you.
* * * LOW HITPOINT WARNING * * *
You hit the shadow but do no damage. Lightning courses through the shadow!
The shadow is almost destroyed.
The shadow is struck by your spines.
You destroy the shadow!
Lugonu accepts your kill.
You hit the goblin skeleton.
The goblin skeleton is heavily damaged.
You hit the goblin skeleton.
You destroy the goblin skeleton!
Lugonu accepts your kill.
Deactivating autopickup; reactivate with Ctrl-A.
You hit something.
The shadow strikes at you from the darkness!
You die...

.. ##.# #.# #### ###...####
#.# #... ZZ..8....# #.# #...
ZZ.......# #.# #...
.......Z.# #.# ####...
.........## #.# ####..'...
........ZZ#####.####).).##...
.Z.....ZZZZ{@......))#####...
8...>.$.8Z.####.###### #...
.Z......ZZ## #.## #...
..........# #..## #...
.........## ##..# ###'
.........# ##.# #...
Z......Z.########.### #..##
ZZ..8...Z#..........# #....
#..........# P..P..


You could see a goblin zombie, 4 orc zombies, 2 ogre zombies, a howler monkey
zombie and a hobgoblin skeleton.

Vanquished Creatures
  A two-headed ogre (D:8)
  2 centaur zombies
  An unseen horror (D:6)
  The ghost of ASSMAN the Insei, a novice OpTm (D:4)
  A wraith (D:5)
  A shadow (D:9)
  A steam dragon (D:7)
  Menkaure (D:5)
  A water moccasin (D:7)
  2 sky beasts (D:7)
  3 black bears
  2 ice beasts
  A necrophage (D:7)
  An ogre (D:4)
  2 centaurs (D:5)
  A phantom (D:9)
  A kobold brigand (Sewer)
  Blork the orc (D:5)
  4 bullfrogs
  2 scorpions
  Dowan (D:5)
  A howler monkey (D:6)
  2 jellies
  2 hounds (D:5)
  2 centaur skeletons (D:7)
  Jessica (D:3)
  A bullfrog skeleton (D:7)
  5 orc wizards
  2 iguanas
  3 ogre zombies (D:9)
  4 gnolls (D:9)
  4 adders
  2 river rats
  A shadow imp (D:7)
  2 ufetubi
  A worm (D:2)
  4 dart slugs
  17 orcs
  6 ball pythons
  7 endoplasms
  8 giant cockroaches
  5 goblins
  11 hobgoblins
  9 jackals
  5 quokkas
  A bat (D:2)
  3 frilled lizards
  A goblin skeleton (D:9)
  2 goblin zombies (D:9)
  A hobgoblin skeleton (D:9)
  A hobgoblin zombie (D:9)
  11 kobolds
  An orc skeleton (D:9)
  4 orc zombies (D:9)
  19 rats
180 creatures vanquished.

Vanquished Creatures (others)
  24 fungi (D:9)
  31 plants (D:9)
55 creatures vanquished.

Grand Total: 235 creatures vanquished

Notes
Turn   | Place    | Note
-------+----------+-------------------------------------------
     0 | Abyss:1  | horus123 the Demonspawn Abyssal Knight began the quest for
                  | the Orb.
     0 | Abyss:1  | Reached XP level 1. HP: 18/18 MP: 2/2
    11 | D:1      | Escaped the Abyss
   108 | D:1      | Reached skill level 3 in Invocations
   288 | D:1      | Found a faded altar of an unknown god.
   295 | D:1      | Gained mutation: You have a somewhat thin skeletal
                  | structure. (Dex +2, Stealth+) [demonic ancestry]
   295 | D:1      | Reached XP level 2. HP: 24/24 MP: 4/4
   452 | D:1      | Reached skill level 4 in Invocations
   796 | D:1      | Reached skill level 1 in Stealth
   857 | D:2      | Reached ** piety under Lugonu
   858 | D:2      | Reached skill level 1 in Dodging
   905 | D:2      | Gained mutation: You are partially covered in sharp spines.
                  | [demonic ancestry]
   905 | D:2      | Reached XP level 3. HP: 28/29 MP: 6/6
  1232 | D:2      | Identified a scroll of acquirement
  1232 | D:2      | Acquired a +2 pair of gloves of dexterity
  1245 | D:2      | Gained mutation: You have sharp fingernails. [demonic
                  | ancestry]
  1245 | D:2      | Reached XP level 4. HP: 35/35 MP: 7/7
  1516 | D:2      | Reached skill level 1 in Short Blades
  1740 | D:3      | Found Luim's Assorted Antiques.
  1755 | D:3      | Bought a blackened silver wand for 104 gold pieces
  1847 | D:3      | Reached *** piety under Lugonu
  1860 | D:3      | Found a glowing drain.
  1867 | Sewer    | Entered a sewer
  1983 | Sewer    | Noticed a kobold brigand
  2019 | Sewer    | Killed a kobold brigand
  2020 | Sewer    | Reached XP level 5. HP: 22/41 MP: 8/8
  2644 | D:3      | Noticed Jessica
  2648 | D:3      | Killed Jessica
  2842 | D:3      | Found a shimmering altar of Xom.
  2950 | D:4      | Noticed a black bear
  2956 | D:4      | Noticed an ogre
  2959 | D:4      | Killed a black bear
  2960 | D:4      | Reached skill level 5 in Invocations
  2960 | D:4      | Gained mutation: You are mostly covered in sharp spines.
                  | [demonic ancestry]
  2960 | D:4      | Reached XP level 6. HP: 30/47 MP: 8/10
  2962 | D:4      | Reached skill level 6 in Invocations
  2966 | D:4      | Reached skill level 7 in Invocations
  2977 | D:4      | Found a large runed translucent door.
  3398 | D:4      | Found a large runed translucent door.
  3400 | D:4      | Noticed ASSMAN's ghost (novice OpTm)
  3412 | D:4      | Killed ASSMAN's ghost
  3412 | D:4      | Reached **** piety under Lugonu
  3413 | D:4      | Reached skill level 5 in Stealth
  3413 | D:4      | Reached XP level 7. HP: 52/52 MP: 12/12
  3450 | D:4      | Found a shadowy altar of Dithmenos.
  3468 | D:4      | You fall into a shaft and drop 1 floor!
  3468 | D:5      | Entered Level 5 of the Dungeon
  3468 | D:5      | Noticed Menkaure
  3471 | D:5      | Noticed a wraith
  3474 | D:5      | Killed Menkaure
  3479 | D:5      | HP: 1/52 [wraith (3)]
  3484 | D:5      | Killed a wraith
  3775 | D:5      | Found an iron altar of Okawaru.
  3806 | D:5      | Noticed Eustachio
  3809 | D:5      | Banished Eustachio
  3810 | D:5      | Gained mutation: You have very sharp fingernails. [demonic
                  | ancestry]
  3810 | D:5      | Reached XP level 8. HP: 60/60 MP: 8/13
  3857 | D:5      | Found a staircase to the Ecumenical Temple.
  3858 | D:5      | Found a blossoming altar of Fedhas.
  3922 | D:5      | Reached skill level 5 in Fighting
  3922 | D:5      | Found a basalt altar of Yredelemnul.
  3922 | D:5      | Noticed Dowan
  3936 | D:5      | Killed Dowan
  4342 | D:5      | Noticed Blork the orc
  4349 | D:5      | Killed Blork the orc
  4514 | D:6      | Killed an unseen horror
  4663 | D:6      | Reached XP level 9. HP: 69/69 MP: 14/14
  4873 | D:6      | Found a hazy altar of Hepliaklqana.
  4874 | D:6      | Found a radiant altar of Vehumet.
  5153 | D:7      | Learned a level 5 spell: Manifold Assault
  5158 | D:7      | Found an ornate altar of the Wu Jian Council.
  5188 | D:7      | Reached skill level 8 in Invocations
  5627 | D:7      | Reached skill level 1 in Translocations
  5752 | D:7      | Learned a level 1 spell: Slow
  5758 | D:7      | Learned a level 5 spell: Yara's Violent Unravelling
  5846 | D:8      | Noticed a two-headed ogre
  5852 | D:8      | Killed a two-headed ogre
  5896 | D:8      | Found a bloodstained altar of Trog.
  5919 | D:8      | Found a transporter.
  5923 | D:8      | Found a transporter.
  5928 | D:8      | Noticed a moth of wrath
  6014 | D:8      | Noticed nomicflux's ghost (journeyman DrFE)
  6016 | D:8      | Found a bloodstained altar of Trog.
  6249 | D:8      | Reached skill level 5 in Hexes
  6249 | D:8      | Reached XP level 10. HP: 61/76 MP: 16/16
  6550 | D:8      | Reached skill level 1 in Transmutations
  7459 | D:9      | Found a staircase to the Orcish Mines.
  7527 | D:9      | Slain by a shadow

Illustrated notes

Levels and vault maps discovered:
D:1:      elethiomel_arrival_quiet, layout_rooms, basic_ecumenical_altar
D:2:      layout_loops_corners
D:3:      layout_basic, mainiacjoe_overflow_alcove_2, serial_shops,
          nicolae_shop_waterfront, portal_sewer_entry_e, uniq_jessica
D:4:      layout_rooms, lemuel_tele_altar, mainiacjoe_overflow_brackets,
          ebering_ghost_disaster_area, uniq_ijyb
D:5:      layout_rooms, okawaru_ov_weapons_minmay,
          mainiacjoe_overflow_large_starburst, minmay_temple_entry_water_ring,
          uniq_menkaure, uniq_eustachio, uniq_duvessa, uniq_blork_the_orc
D:6:      layout_rooms, nicolae_overflow_hidden_temple
D:7:      layout_basic, kennysheep_mini_moat, nicolae_tso_carved_into_rock,
          hangedman_decor_push
D:8:      layout_layer_cave, trog_three_pillars_becter,
          gammafunk_ghost_wrathful_warriors
D:9:      layout_roguey, bloody_makhleb, due_lair_maze_entry_diamond,
          zombieorc2_lemuel

Skill      XL: |  1  2  3  4  5  6  7  8  9 10 |
---------------+-------------------------------+-----
Invocations    | 3 4 5 7 8 |  8.3
Stealth        | 1 3 5 6 |  6.8
Dodging        | 1 2 |  2.1
Armour         | 2 |  2.0
Short Blades   | 1 4 |  4.6
Fighting       | 4 6 |  6.2
Spellcasting   | 4 |  4.4
Translocations | 1 |  1.9
Hexes          | 5 |  5.0
Transmutations | 4 |  4.4
Maces & Flails | |  1.7

Action                   |  1- 3 |  4- 6 |  7- 9 | 10-12 || total
-------------------------+-------+-------+-------+-------++-------
Melee: Mace              |    23 |       |       |       ||    23
       Dagger            |    49 |   103 |   143 |    84 ||   379
Invok: Bend Space        |       |     1 |       |       ||     1
       Banish            |       |       |     2 |     3 ||     5
  Use: Scroll            |     2 |     5 |     5 |     1 ||    13
       Potion            |       |     3 |     3 |     1 ||     7
 Stab: Sleeping          |     9 |    14 |    12 |     3 ||    38
       Distracted        |     1 |       |       |       ||     1
Armor: Leather armour    |    11 |    24 |    49 |       ||    84
       Skin              |       |     4 |       |       ||     4
       Steam dragon scal |       |       |    13 |    31 ||    44
Dodge: Dodged            |    34 |    37 |    65 |    42 ||   178

Table legend: (Time is in decaauts)
 A = Elapsed time spent in this place.
 B = Non-inter-level travel time spent in this place.
 C = Inter-level travel time spent in this place.
 D = Time resting spent in this place.
 E = Time spent auto-exploring this place.
 F = Levels seen in this place.
 G = Mean time per level.
                   A        B        C        D        E       F      G
               +--------+--------+--------+--------+--------+-----+--------+
         Total |   7606 |   7442 |    164 |    877 |   4899 |  11 |  691.5 |
       Dungeon |   6833 |   6669 |    164 |    598 |   4655 |   9 |  759.2 |
         Abyss |     11 |     11 |      0 |      0 |      0 |   1 |   11.0 |
         Sewer |    761 |    761 |      0 |    279 |    244 |   1 |  761.0 |
               +--------+--------+--------+--------+--------+-----+--------+

Top non-repeatable levels by time:
     D:8: 1366 daAuts
     D:5: 1015 daAuts
     D:2: 853 daAuts
     D:1: 844 daAuts
   Sewer: 761 daAuts
     D:7: 739 daAuts
     D:6: 626 daAuts
     D:3: 571 daAuts
     D:4: 524 daAuts
     D:9: 290 daAuts
 Abyss:1: 11 daAuts
